 Dungeon Crawl Stone Soup version 0.22.1-1-ga44c0e5 (webtiles) character file.

455 gbos the Changer (level 6, 0/50 HPs)
             Began as a Deep Dwarf Transmuter on Sept 30, 2018.
             Slain by an ogre
             ... wielding a +0 giant spiked club
              (16 damage)
             ... on level 4 of the Dungeon.
             The game lasted 00:15:12 (2027 turns).

gbos the Changer (Deep Dwarf Transmuter)            Turns: 2027, Time: 00:15:13

Health: 0/50       AC:  2    Str: 14    XL:     6   Next: 76%
Magic:  7/11       EV: 20    Int: 15    God:
Gold:   144        SH:  0    Dex: 18    Spells: 6/12 levels left

rFire    . . .     SeeInvis .     - Unarmed
rCold    . . .     Gourm    .   (shield currently unavailable)
rNeg     . . .     Faith    .   (armour currently unavailable)
rPois    x         Spirit   .   (helmet currently unavailable)
rElec    .         Reflect  .   (cloak currently unavailable)
rCorr    .         Harm     .   (gloves currently unavailable)
MR       .....                  (boots currently unavailable)
Stlth    ++........             (no amulet)
HPRegen  0.00/turn              (no ring)
MPRegen  0.12/turn              (no ring)

@: spider-form, non-regenerating
A: tiny, damage resistance, heal wounds, sense surroundings 1, no regeneration
a: Heal Wounds, End Transformation


You were on level 4 of the Dungeon.
You were hungry.
You were a venomous arachnid creature.
You visited 1 branch of the dungeon, and saw 4 of its levels.

You collected 144 gold pieces.

Inventory:

Hand Weapons
 h - a +2 dagger of distortion
Missiles
 a - 71 arrows
Armour
 b - a +0 robe
 m - a +2 robe of fire resistance (melded)
 r - +0 acid dragon scales
Jewellery
 o - an uncursed amulet of harm {unknown}
Wands
 j - a wand of digging (6)
Scrolls
 c - a scroll of magic mapping {unknown}
 e - 4 scrolls of remove curse {unknown}
 f - a scroll of teleportation {unknown}
 g - a scroll of random uselessness {unknown}
 k - 3 scrolls of identify {unknown}
 n - a scroll of fog {unknown}
 s - a scroll of noise {unknown}
 t - a scroll of fear {unknown}
Potions
 i - a potion of might {unknown}
 l - 3 potions of brilliance
 p - 2 potions of berserk rage
 q - a potion of haste
Comestibles
 d - 3 rations
 u - 3 chunks of flesh


   Skills:
 - Level 0.8 Fighting
 - Level 2.2 Dodging
 - Level 2.6 Unarmed Combat
 + Level 3.9 Spellcasting
 + Level 5.4 Transmutations


You had 6 spell levels left.
You knew the following spells:

 Your Spells              Type           Power        Failure   Level  Hunger
a - Beastly Appendage     Tmut           ###...       8%          1    None
b - Spider Form           Tmut/Pois      ##........   38%         3    ###....
c - Sticks to Snakes      Tmut           ###.....     11%         2    ##.....

Your spell library contained the following spells:

 Spells                   Type           Power        Failure   Level  Hunger
 Blade Hands              Tmut           ###.......   69%         5    ######.
 Ice Form                 Ice/Tmut       ##......     73%         4    ####...


Dungeon Overview and Level Annotations

Branches:
Dungeon (4/15)
 Temple: D:4-7

Altars:
Ashenzari
Fedhas
Okawaru
Qazlal
Ru


Innate Abilities, Weirdness & Mutations

You are resistant to damage.
You can heal yourself by infusing magical energy.
You passively map a small area around you.
You do not regenerate.


Message History

You barely miss the howler monkey.
The howler monkey is moderately wounded.
The howler monkey misses you. The howler monkey hits you.
You hit the howler monkey.
The howler monkey looks as sick as possible!
The howler monkey is severely wounded.
The howler monkey hoots and howls with incredible vigour!
You hit the howler monkey.
You kill the howler monkey!
Your transformation is almost over.
An ogre comes into view. It is wielding a giant spiked club.
The ogre shouts!
Unknown command.
Casting: Spider Form (slightly dangerous; 38% risk of failure)
Confirm with . or Enter, or press ? or * to list all spells.
You extend your transformation's duration.
A worker ant comes into view.
You are too injured to fight recklessly!
The ogre hits you with a giant spiked club!!
You die...

##.a....a
*###########..### ,,
...............# .#
...............# #.. ,
....(..........###.....
.......<...............
........###..#........!
........# ##....#......,
*.......s###............
........O.#._..........,
#########.....O.......?
#.....⌠........
##.............
##....._......
#............
###...#......
######.....,


You could see an ogre.

Vanquished Creatures
  Sigmund (D:3)
  A howler monkey (D:4)
  A crimson imp (D:3)
  An orc priest (D:3)
  Terence (D:2)
  A worker ant (D:4)
  7 adders
  An ooze (D:2)
  A worm (D:2)
  2 dart slugs (D:1)
  5 orcs (D:3)
  A giant cockroach (D:2)
  9 goblins
  6 hobgoblins
  7 jackals
  9 kobolds
  2 quokkas (D:3)
  8 bats
  3 frilled lizards
  6 rats
73 creatures vanquished.

Notes
Turn   | Place    | Note
-------+----------+-------------------------------------------
     0 | D:1      | gbos the Deep Dwarf Transmuter began the quest for the Orb.
     0 | D:1      | Reached XP level 1. HP: 16/16 MP: 3/3
    25 | D:1      | Reached skill level 2 in Transmutations
   106 | D:1      | Reached XP level 2. HP: 12/24 MP: 2/4
   288 | D:1      | Reached skill level 3 in Transmutations
   521 | D:2      | Noticed Terence
   550 | D:2      | Noticed Sigmund
   635 | D:2      | Found a faded altar of an unknown god.
   692 | D:2      | Reached XP level 3. HP: 11/30 MP: 3/5
   905 | D:2      | Killed Terence
   905 | D:2      | Reached XP level 4. HP: 22/37 MP: 5/7
   994 | D:2      | Reached skill level 4 in Transmutations
  1113 | D:3      | Found a stormy altar of Qazlal.
  1199 | D:3      | Found a blossoming altar of Fedhas.
  1222 | D:3      | Found a shattered altar of Ashenzari.
  1297 | D:3      | Reached XP level 5. HP: 37/43 MP: 7/9
  1504 | D:3      | Learned a level 3 spell: Spider Form
  1507 | D:3      | Learned a level 2 spell: Sticks to Snakes
  1624 | D:3      | Killed Sigmund
  1624 | D:3      | Reached skill level 5 in Transmutations
  1624 | D:3      | Reached XP level 6. HP: 31/50 MP: 3/11
  1971 | D:4      | Found a sacrificial altar of Ru.
  1979 | D:4      | Found an iron altar of Okawaru.
  2027 | D:4      | Slain by an ogre

Skill      XL: |  1  2  3  4  5 |
---------------+----------------+-----
Transmutations | 2 3 4 5 |  5.4
Spellcasting   | 2 3 |  3.9
Fighting       | |  0.8
Dodging        | |  2.2
Unarmed Combat | |  2.6

Action                   |  1- 3 |  4- 6 || total
-------------------------+-------+-------++-------
Melee: Unarmed           |   106 |   189 ||   295
       Headbutt          |    18 |     8 ||    26
       Kick              |     4 |    29 ||    33
       Punch             |     2 |     3 ||     5
 Cast: Beastly Appendage |    24 |    31 ||    55
       Spider Form       |       |     5 ||     5
 Abil: Heal Wounds       |     2 |     4 ||     6
  Use: Potion            |     2 |     3 ||     5
  Eat: Chunk             |       |     5 ||     5
Armor: Robe              |    14 |    22 ||    36
Dodge: Dodged            |    62 |   114 ||   176
